 Dungeon Crawl Stone Soup version 0.30-a0-50-gb2d611f6b1 (webtiles) character file.

Game seed: 7117673317080587893

77 timneilson the Shield-Bearer (level 4, 0/28 HPs)
             Began as a Gargoyle Fighter on Sept 3, 2022.
             Slain by a gnoll
             ... wielding a +0 club
              (3 damage)
             ... on level 2 of the Dungeon.
             The game lasted 00:01:51 (1982 turns).

timneilson the Shield-Bearer (Gargoyle Fighter)     Turns: 1982, Time: 00:01:52

Health: 0/28       AC: 10    Str: 22    XL:     4   Next: 33%
Magic:  4/4        EV:  9    Int:  8    God:
Gold:   64         SH:  4    Dex:  9    Spells: 3/3 levels left

rFire   . . .      SeeInvis .    a - +0 long sword
rCold   . . .      Faith    .    c - +0 buckler
rNeg    + . .      Spirit   .    b - +0 scale mail
rPois   ∞          Reflect  .    (no helmet)
rElec   +          Harm     .    (no cloak)
rCorr   .          Rampage  .    (no gloves)
Will    .....                    (no boots)
Stlth   ..........               (no amulet)
HPRegen 0.09/turn                (no ring)
MPRegen 0.09/turn                (no ring)

@: no status effects
A: sickness immunity, AC +3, negative energy resistance 1, electricity
resistance, torment resistance 1, petrification resistance
a: no special abilities


You were on level 2 of the Dungeon.
You visited 1 branch of the dungeon, and saw 2 of its levels.

You collected 64 gold pieces.

Inventory:

Hand Weapons
 a - a +0 long sword (weapon)
Armour
 b - a +0 scale mail (worn)
 c - a +0 buckler (worn)
Scrolls
 f - a scroll of blinking
 i - a scroll of fear {unknown}
Potions
 d - a potion of might
 e - 3 potions of curing {unknown}
 g - 2 potions of degeneration {unknown}
 h - 3 potions of invisibility {unknown}
 j - a potion of resistance {unknown}
 l - a potion of heal wounds {unknown}


   Skills:
 + Level 3.5 Fighting
 * Level 2.5 Long Blades
 * Level 4.0 Armour
 + Level 0.6 Dodging
 * Level 4.0 Shields


You had 3 spell levels left.
You didn't know any spells.
Your spell library was empty.

Dungeon Overview and Level Annotations

Branches:
Dungeon (2/15)

Altars:


Innate Abilities, Weirdness & Mutations

You are immune to sickness and miasma.
Your stone body is resilient. (AC +3)
You are immune to poison.
You resist negative energy. (rN+)
You are resistant to electric shocks. (rElec)
You are resistant to unholy torment.
You are immune to petrification.


Message History

A gnoll comes into view. It is wielding a +0 club.
The gnoll shouts!
Things that are here:
a fizzy pink potion; a +0 mace
h - 3 fizzy pink potions (gained 1)
A gnoll comes into view. It is wielding a +0 whip.
You hit the gnoll.
The gnoll is moderately wounded.
The gnoll hits you with a +0 club. You block the gnoll's attack.
You slash the gnoll!
You kill the gnoll!
You see here a +0 club.
The gnoll shouts!
A gnoll comes into view. It is wielding a +0 club.
The gnoll shouts!
You block the gnoll's attack. The gnoll attacks as you move away!
The gnoll hits you with a +0 whip. The gnoll attacks as you move away!
The gnoll hits you with a +0 whip. The gnoll attacks as you move away!
The gnoll hits you with a +0 whip.
You see here a +0 club.
You closely miss the gnoll. The gnoll hits you with a +0 whip.
You hit the gnoll but do no damage. The gnoll closely misses you.
You barely miss the gnoll. The gnoll hits you with a +0 whip.
The gnoll completely misses you.
You hit the gnoll.
The gnoll is moderately wounded.
The gnoll barely misses you.
You barely miss the gnoll.
The gnoll is moderately wounded.
The gnoll hits you with a +0 whip!
* * * LOW HITPOINT WARNING * * *
You barely miss the gnoll.
The gnoll is moderately wounded.
The gnoll hits you but does no damage. x2
You slash the gnoll!
You kill the gnoll!
Your Armour skill increases to level 4!
Your Shields skill increases to level 4!
You hit the gnoll but do no damage. The gnoll hits you with a +0 club.
You die...

#..........
#.#........
#.######..)>.?....
#.........#.....[.
..........#.......
..####.#.########
#.#.# #.#g# #.#@#
#.#.# #.#.###
#.....# #.....#
#.....# #.....#
#####)....#
^.........#


You could see a gnoll.

Vanquished Creatures
  An adder (D:2)
  2 gnolls (D:2)
  A dart slug (D:1)
  2 ball pythons (D:1)
  7 endoplasms (D:1)
  A giant cockroach (D:2)
  5 goblins
  3 hobgoblins
  3 jackals (D:2)
  5 quokkas (D:1)
  A bat (D:2)
  A frilled lizard (D:1)
  4 kobolds (D:1)
  5 rats (D:1)
41 creatures vanquished.

Notes
Turn   | Place    | Note
-------+----------+-------------------------------------------
     0 | D:1      | timneilson the Gargoyle Fighter began the quest for the
                  | Orb.
     0 | D:1      | Reached XP level 1. HP: 14/14 MP: 1/1
   279 | D:1      | Found a faded altar of an unknown god.
   338 | D:1      | Reached XP level 2. HP: 18/19 MP: 2/2
   671 | D:1      | Reached XP level 3. HP: 22/23 MP: 3/3
  1869 | D:2      | Reached XP level 4. HP: 23/28 MP: 4/4
  1982 | D:2      | Slain by a gnoll

Illustrated notes

Levels and vault maps discovered:
D:1:      minmay_arrival_floating_metal, layout_basic,
          hellmonk_ecumenical_altar_run_dry, minmay_3d_cube
D:2:      layout_basic, hangedman_abyss_or_decor_lesser_grid,
          minmay_snake_closets, uniq_natasha

Skill      XL: |  1  2  3  4 |
---------------+-------------+-----
Long Blades    | 2 |  2.5
Armour         | 4 |  4.0
Shields        | 4 |  4.0
Fighting       | |  3.5
Dodging        | |  0.6

Action                   |  1- 3 |  4- 6 || total
-------------------------+-------+-------++-------
Melee: Long sword        |   139 |    10 ||   149
  Use: Scroll            |     3 |       ||     3
Armor: Scale mail        |    75 |     2 ||    77
Dodge: Dodged            |    58 |     3 ||    61
Block: Buckler           |    31 |     2 ||    33

Table legend: (Time is in decaauts)
 A = Elapsed time spent in this place.
 B = Non-inter-level travel time spent in this place.
 C = Inter-level travel time spent in this place.
 D = Time resting spent in this place.
 E = Time spent auto-exploring this place.
 F = Levels seen in this place.
 G = Mean time per level.
                   A        B        C        D        E       F      G
               +--------+--------+--------+--------+--------+-----+--------+
         Total |   2039 |   2007 |     32 |      0 |   1667 |   2 | 1019.5 |
       Dungeon |   2039 |   2007 |     32 |      0 |   1667 |   2 | 1019.5 |
               +--------+--------+--------+--------+--------+-----+--------+

Top non-repeatable levels by time:
     D:1: 1637 daAuts
     D:2: 401 daAuts
